 Dungeon Crawl Stone Soup version 0.28-a0-697-g47f3eba078 (webtiles) character file.

Game seed: 153836833131466553

2396 Armakuni the Fighter (level 9, -3/78 HPs)
             Began as a Human Wanderer on Oct 16, 2021.
             Was a Follower of Okawaru.
             Killed from afar by a gargoyle (14 damage)
             ... with a stone arrow
             ... on level 7 of the Dungeon on Oct 23, 2021.
             The game lasted 00:18:39 (6818 turns).

Armakuni the Fighter (Human Wanderer)               Turns: 6818, Time: 00:18:40

Health: -3/78      AC: 10    Str: 15    XL:     9   Next: 74%
Magic:  9/9        EV: 11    Int: 14    God:    Okawaru [*.....]
Gold:   289        SH:  0    Dex: 12    Spells: 8/8 levels left

rFire   + . .      SeeInvis .   b - +1 hand crossbow
rCold   . . .      Faith    .   (no shield)
rNeg    . . .      Spirit   .   j - +0 steam dragon scales
rPois   .          Reflect  .   n - +2 helmet
rElec   .          Harm     .   o - +0 cloak
rCorr   .          Rampage  .   g - +0 pair of gloves
Will    .....                   (no boots)
Stlth   +.........              (no amulet)
HPRegen 0.23/turn               F - ring of protection from fire
MPRegen 0.11/turn               (no ring)

@: no status effects
A: no striking features
a: Renounce Religion, Heroism


You were on level 7 of the Dungeon.
You worshipped Okawaru.
Okawaru was aware of your devotion.
You visited 2 branches of the dungeon, and saw 8 of its levels.

You collected 289 gold pieces.

Inventory:

Hand Weapons
 a - a +2 hand axe
 b - a +1 hand crossbow (weapon)
 k - a +1 flail of draining
 p - a +2 quarterstaff of chaos
Missiles
 d - 99 arrows
 e - 27 bolts (quivered ammo)
Armour
 g - a +0 pair of gloves (worn)
 j - +0 steam dragon scales (worn)
 m - a +0 scale mail
 n - a +2 helmet (worn)
 o - a +0 cloak (worn)
Jewellery
 t - a ring of poison resistance
 F - a ring of protection from fire (left hand)
Scrolls
 h - 2 scrolls of teleportation
 i - a scroll of identify
 q - 3 scrolls of amnesia
 r - 2 scrolls of immolation {unknown}
Potions
 c - a potion of heal wounds {unknown}
 f - a potion of might
 l - a potion of lignification


   Skills:
 + Level 9.7 Fighting
 - Level 3.0 Axes
 + Level 8.8 Crossbows
 - Level 1.0 Shields
 - Level 1.0 Evocations


You had 8 spell levels left.
You didn't know any spells.
Your spell library contained the following spells:

 Spells                   Type           Power      Damage    Failure   Level
 Sandblast                Erth           0%         2d4       28%         1
 Passwall                 Tmut/Erth      0%         N/A       41%         2
 Poisonous Vapours        Pois/Air       0%         N/A       41%         2
 Slow                     Hex            0%         N/A       41%         2
 Confusing Touch          Hex            0%         N/A       65%         3
 Stone Arrow              Conj/Erth      0%         3d7       65%         3
 Hailstorm                Conj/Ice       0%         3d3       96%         4
 Freezing Cloud           Conj/Ice/Air   0%         6-21      100%        5
 Yara's Violent Unravell  Hex/Tmut       0%         3d3       100%        5
 Polar Vortex             Ice            0%         N/A       100%        9
 Simulacrum               Ice/Necr       Unusable   N/A       N/A         6

Dungeon Overview and Level Annotations

Branches:
Dungeon (7/15)             Temple (1/1) D:5

Altars:
Cheibriados
Dithmenos
Elyvilon
Fedhas
Gozag
Hepliaklqana
Kikubaaqudgha
Makhleb
Nemelex Xobeh
Okawaru
Sif Muna
Uskayaw
Vehumet
Wu Jian
Xom
Yredelemnul
Zin
The Shining One


Message History

The gargoyle hurls a stone arrow at you.
The stone arrow hits you!
You shoot a bolt. The bolt barely misses the gargoyle.
You aren't carrying any items that you can evoke.
You shoot a bolt.
The bolt hits the gargoyle but does no damage.
You shoot a bolt.
The bolt hits the gargoyle but does no damage.
The gargoyle closely misses you.
You shoot a bolt. The bolt hits the gargoyle.
The gargoyle is lightly damaged.
The gargoyle barely misses you.
You shoot a bolt.
The bolt hits the gargoyle but does no damage.
The gargoyle is lightly damaged.
The gargoyle hits you with a +6 quarterstaff.
You shoot a bolt.
The bolt hits the gargoyle but does no damage.
The gargoyle is lightly damaged.
The gargoyle hurls a stone arrow at you.
The stone arrow hits you!
You are confused.
You feel invigorated.
The gargoyle hits you with a +6 quarterstaff.
The gargoyle hurls a stone arrow at you.
The stone arrow hits you.
You feel less invigorated.
You feel less confused.
The gargoyle hits you with a +6 quarterstaff!
You see here 3 bolts.
Really attack while wielding your +1 hand crossbow?
You clumsily bash the gargoyle but do no damage.
The gargoyle hits you with a +6 quarterstaff!
The gargoyle hurls a stone arrow at you.
The stone arrow hits you!
* * * LOW HITPOINT WARNING * * *
Unknown command.
The gargoyle hurls a stone arrow at you.
The stone arrow hits you!
You die...

#...####.........#
#...#########
.......'.........+
###..........
#...####.........#
..#.#######.#
#..## ##.......##
._.### #.# #.##
##§##..## §..# #.#
#.#
#.§#######§..##
#.# #.#
#.§§§§§§§§§§....
#.# #.
#.§§§§§§§§§#...8
#..
#.§§§§9@§§§§.(.(
##.
#§§#######§..###
#. ###.##..### ..#
#. #.......... [#
#. #.#.....### #
#. ######.#.....#
#. ............#.#
#. #######.###.#.#
## #.......# ####


You could see a gargoyle.

Vanquished Creatures
  A centaur zombie (D:6)
  A steam dragon (D:6)
  Menkaure (D:4)
  A water moccasin (D:4)
  2 ice beasts (D:5)
  2 black bears (D:7)
  2 sky beasts (D:7)
  An ogre (D:4)
  A phantom (D:5)
  A kobold brigand (D:7)
  A vampire bat (D:4)
  A jelly (D:6)
  5 hounds
  Crazy Yiuf (D:2)
  An orc priest (D:5)
  Terence (D:2)
  5 iguanas
  5 orc wizards
  3 killer bee zombies
  Robin (D:2)
  7 adders
  4 gnolls (D:4)
  A white imp (D:7)
  3 worms
  4 dart slugs
  3 fire bats (D:4)
  9 orcs
  2 spectral bats (D:4)
  3 bat skeletons (D:4)
  A bat zombie (D:4)
  6 endoplasms
  9 giant cockroaches
  13 goblins
  14 hobgoblins
  15 kobolds
  A quokka (D:1)
  3 ball pythons
  17 bats
  A bat simulacrum (D:4)
  5 frilled lizards
  4 rats
162 creatures vanquished.

Vanquished Creatures (others)
  An ufetubus (D:6)
  A fungus (D:2)
2 creatures vanquished.

Grand Total: 164 creatures vanquished

Notes
Turn   | Place    | Note
-------+----------+-------------------------------------------
     0 | D:1      | Armakuni the Human Wanderer began the quest for the Orb.
     0 | D:1      | Armakuni set off with the following items: a +2 hand axe, a
                  | +0 shortbow, 25 arrows, a +0 hand crossbow, 25 bolts, a +0
                  | robe
     0 | D:1      | Reached XP level 1. HP: 19/19 MP: 1/1
     4 | D:1      | Upgraded the game from 0.28-a0-664-gc179e30c89 to
                  | 0.28-a0-674-gdaf460b524
    79 | D:1      | Reached XP level 2. HP: 13/25 MP: 2/2
   471 | D:1      | Reached XP level 3. HP: 31/31 MP: 3/3
  1047 | D:2      | Reached XP level 4. HP: 38/38 MP: 4/4
  1083 | D:2      | Noticed Terence
  1094 | D:2      | Killed Terence
  1252 | D:2      | Noticed Robin
  1255 | D:2      | Killed Robin
  1256 | D:2      | Reached skill level 5 in Fighting
  1284 | D:2      | Reached XP level 5. HP: 42/44 MP: 5/5
  1520 | D:2      | Found a faded altar of an unknown god.
  1595 | D:2      | Found a runed translucent door.
  1596 | D:2      | Noticed Crazy Yiuf
  1608 | D:2      | Killed Crazy Yiuf
  1914 | D:3      | Reached XP level 6. HP: 51/51 MP: 6/6
  2036 | D:3      | Found a snail-covered altar of Cheibriados.
  2112 | D:3      | Found a glowing golden altar of the Shining One.
  2594 | D:4      | Found a shadowy altar of Dithmenos.
  2601 | D:4      | Noticed a water moccasin
  2615 | D:4      | Killed a water moccasin
  2616 | D:4      | Reached skill level 6 in Fighting
  2616 | D:4      | Reached XP level 7. HP: 25/58 MP: 7/7
  2915 | D:4      | Found a sparkling altar of Nemelex Xobeh.
  2923 | D:4      | Found a shimmering altar of Xom.
  3220 | D:4      | Reached skill level 5 in Crossbows
  3255 | D:4      | Got the Handbook of Cankerous Conjuration
  3551 | D:5      | Entered Level 5 of the Dungeon
  3551 | D:5      | Noticed Menkaure
  3580 | D:4      | Killed Menkaure
  3585 | D:4      | Reached skill level 7 in Fighting
  3585 | D:4      | Reached XP level 8. HP: 30/67 MP: 8/8
  4213 | D:5      | Found a shimmering blue altar of Sif Muna.
  4415 | D:5      | Reached skill level 8 in Fighting
  4618 | D:5      | Found a staircase to the Ecumenical Temple.
  4623 | Temple   | Entered the Ecumenical Temple
  4705 | Temple   | Upgraded the game from 0.28-a0-674-gdaf460b524 to
                  | 0.28-a0-691-gad6df49e81
  4738 | Temple   | Upgraded the game from 0.28-a0-691-gad6df49e81 to
                  | 0.28-a0-695-gff097466f2
  4761 | Temple   | Became a worshipper of Warmaster Okawaru
  4991 | D:6      | Found a glowing silver altar of Zin.
  5076 | D:6      | Reached XP level 9. HP: 39/75 MP: 9/9
  5084 | D:6      | Reached * piety under Okawaru
  5085 | D:6      | Reached skill level 9 in Fighting
  6311 | D:7      | Found a burning altar of Makhleb.
  6311 | D:7      | Noticed a cacodemon
  6386 | D:7      | Upgraded the game from 0.28-a0-695-gff097466f2 to
                  | 0.28-a0-697-g47f3eba078
  6802 | D:7      | Found a hazy altar of Hepliaklqana.
  6803 | D:7      | Noticed a gargoyle
  6818 | D:7      | Killed from afar by a gargoyle

Illustrated notes

Levels and vault maps discovered:
D:1:      dpeg_arrival_subterranean_lakeside_camping, layout_rooms
D:2:      layout_rooms, shapermc_ecumenical_altar_acropolis,
          uniq_crazy_yiuf_cottage, uniq_robin, uniq_terence
D:3:      layout_rooms, nicolae_tso_carved_into_rock, kennysheep_slug_shrine
D:4:      layout_loops_ring, nemelex_xobeh_ov_fountains_minmay,
          kennysheep_little_box, nicolae_dithmenos_through_a_glass_darkly,
          goddamned_bats
D:5:      layout_loops_cross, tgw_sif, temple_doors_cd, uniq_menkaure
D:6:      layout_gridville, zin_statuary
D:7:      layout_loops_corners, makhleb_altar_promises_db,
          beargit_hepliaklqana_dungeon_heroes, hex_large, grunt_ministairs_11
Temple:   compressed_dpeg_triangle_lava_temple

Skill      XL: |  1  2  3  4  5  6  7  8  9 |
---------------+----------------------------+-----
Crossbows      | 2 3 4 5 7 8 |  8.8
Fighting       | 5 6 7 8 9 |  9.7
Axes           | |  3.0
Shields        | |  1.0
Evocations     | |  1.0

Action                   |  1- 3 |  4- 6 |  7- 9 || total
-------------------------+-------+-------+-------++-------
Melee: Hand axe          |     7 |    44 |   129 ||   180
       Hand crossbow     |       |       |     4 ||     4
 Fire: Hand crossbow     |    81 |   115 |   229 ||   425
  Use: Scroll            |     2 |     3 |     6 ||    11
       Potion            |       |     1 |     6 ||     7
Armor: Robe              |    11 |     4 |       ||    15
       Ring mail         |       |    65 |   134 ||   199
       Skin              |       |       |    11 ||    11
       Steam dragon scal |       |       |    38 ||    38
Dodge: Dodged            |    24 |    56 |   198 ||   278

Table legend: (Time is in decaauts)
 A = Elapsed time spent in this place.
 B = Non-inter-level travel time spent in this place.
 C = Inter-level travel time spent in this place.
 D = Time resting spent in this place.
 E = Time spent auto-exploring this place.
 F = Levels seen in this place.
 G = Mean time per level.
                   A        B        C        D        E       F      G
               +--------+--------+--------+--------+--------+-----+--------+
         Total |   6923 |   6769 |    154 |   1176 |   3588 |   8 |  865.4 |
       Dungeon |   6766 |   6647 |    119 |   1176 |   3587 |   7 |  966.6 |
        Temple |    156 |    121 |     35 |      0 |      1 |   1 |  156.0 |
               +--------+--------+--------+--------+--------+-----+--------+

Top non-repeatable levels by time:
     D:4: 1524 daAuts
     D:6: 1054 daAuts
     D:2: 1005 daAuts
     D:5: 953 daAuts
     D:1: 950 daAuts
     D:7: 854 daAuts
     D:3: 424 daAuts
  Temple: 156 daAuts
